 Dungeon Crawl Stone Soup version 0.26-a0-501-g5717042 (webtiles) character file.

Game seed: 8360716492101945285

826 Dorkslayer the Slasher (level 7, -6/48 HPs)
             Began as an Octopode Fighter on Aug 7, 2020.
             Killed from afar by a white imp (10 damage)
             ... with a puff of frost
             ... on level 5 of the Dungeon.
             The game lasted 00:14:48 (3817 turns).

Dorkslayer the Slasher (Octopode Fighter)           Turns: 3817, Time: 00:14:48

Health: -6/48      AC:  1    Str: 18    XL:     7   Next: 96%
Magic:  0/7        EV: 12    Int: 10    God:
Gold:   239        SH: 10    Dex: 11    Spells: 6/6 levels left

rFire    . . .     SeeInvis .   a - +3 long sword
rCold    . . .     Faith    .   b - +1 kite shield
rNeg     . . .     Spirit   +   (helmet restricted)
rPois    .         Reflect  .   h - amulet of guardian spirit
rElec    .         Harm     .   e - ring of resist corrosion
rCorr    +                      (no ring)
MR       .....                  (no ring)
Stlth    ++++......             (no ring)
HPRegen  0.16/turn              (no ring)
MPRegen  0.10/turn              (no ring)
                                (no ring)
                                (no ring)

@: no status effects
A: almost no armour, stealthy swim, amphibious, 8 rings, constrict 8, camouflage
1, gelatinous body 1
a: no special abilities


You were on level 5 of the Dungeon.
You visited 2 branches of the dungeon, and saw 6 of its levels.
You also visited: Sewer.

You collected 239 gold pieces.

Inventory:

Hand Weapons
 a - a +3 long sword (weapon)
Armour
 b - a +1 kite shield (worn)
Jewellery
 e - a ring of resist corrosion (left tentacle)
 h - an amulet of guardian spirit (around mantle)
Scrolls
 j - 2 scrolls of teleportation
 k - 2 scrolls of amnesia
 n - 2 scrolls of remove curse
Potions
 d - a potion of haste
 f - 2 potions of curing
 g - 3 potions of magic
 i - a potion of ambrosia
 l - 2 potions of brilliance
 m - 2 potions of flight {unknown}
 o - a potion of invisibility {unknown}


   Skills:
 + Level 4.2 Fighting
 + Level 5.6 Long Blades
 + Level 4.2 Dodging
 + Level 5.2 Stealth
 + Level 4.6 Shields


You had 6 spell levels left.
You didn't know any spells.
Your spell library was empty.

Dungeon Overview and Level Annotations

Branches:
Dungeon (5/15)             Temple (1/1) D:5           Sewer (visited)

Altars:
Cheibriados
Dithmenos
Elyvilon
Gozag
Hepliaklqana
Kikubaaqudgha
Nemelex Xobeh
Okawaru
Qazlal
Ru
Sif Muna
Trog
Uskayaw
Xom
Yredelemnul
Zin
The Shining One


Innate Abilities, Weirdness & Mutations

You cannot wear most types of armour.
You are very stealthy in the water. (Stealth+)
You are amphibious.
You can wear up to eight rings at the same time.
You can use your tentacles to constrict eight enemies at once.
Your skin changes colour to match your surroundings (Stealth+).
Your rubbery body absorbs attacks. (AC +1, EV +1)


Message History

The white imp shouts!
The ogre hits you with a +0 giant club!
The orc shouts!
You barely miss the ogre.
The ogre is heavily wounded.
You block the ogre's attack.
You barely miss the ogre.
The ogre is heavily wounded.
The white imp hits you. The white imp freezes you.
The ogre hits you with a +0 giant club!!
* * * LOW HITPOINT WARNING * * *
You slash the ogre!
The ogre is almost dead.
You block the white imp's attack. x2; The ogre hits you but does no damage.
You hit the ogre.
You kill the ogre!
The white imp closely misses you. The white imp gestures at you.
The puff of frost hits you!
You die...

. #.# #.# #.###
#...# ###.# ##.#####
#......# ####
#..###.##### ....
...).#....5@)#
########.##.#.##.5.#
# #. #.#.##....... #
.. . .......#o... .
.#......[.#### ... #
. .##.#... ## #.
#.F... ###...#


You could see 2 white imps and an orc.

Vanquished Creatures
  An ice beast (D:5)
  An ogre (D:5)
  A centaur (D:5)
  A big kobold (Sewer)
  A wyvern skeleton (D:4)
  A howler monkey (D:4)
  A bullfrog zombie (D:5)
  2 orc priests (D:3)
  An iguana (D:4)
  2 orc wizards (D:3)
  3 worker ants
  3 adders
  3 river rats (Sewer)
  An adder skeleton (D:4)
  2 worms (D:2)
  5 dart slugs
  7 leopard geckos
  9 orcs (D:3)
  2 bats (D:1)
  6 giant cockroaches
  14 hobgoblins
  5 jackals
  9 kobolds
  2 quokkas (D:2)
  4 ball pythons
  6 frilled lizards
  5 goblins
  A quokka skeleton (D:4)
  8 rats
107 creatures vanquished.

Notes
Turn   | Place    | Note
-------+----------+-------------------------------------------
     0 | D:1      | Dorkslayer the Octopode Fighter began the quest for the
                  | Orb.
     0 | D:1      | Reached XP level 1. HP: 16/16 MP: 1/1
    69 | D:1      | Reached XP level 2. HP: 19/21 MP: 2/2
   311 | D:1      | Found a glowing silver altar of Zin.
   313 | D:1      | Found a shadowy altar of Dithmenos.
   313 | D:1      | Found an ancient bone altar of Kikubaaqudgha.
   318 | D:1      | Reached XP level 3. HP: 26/26 MP: 3/3
   325 | D:1      | Found a shimmering altar of Xom.
   325 | D:1      | Found a bloodstained altar of Trog.
   325 | D:1      | Found an opulent altar of Gozag.
  1055 | D:2      | Reached skill level 1 in Stealth
  1055 | D:2      | Reached XP level 4. HP: 18/31 MP: 4/4
  1285 | D:2      | Found a bloodstained altar of Trog.
  1628 | D:3      | Reached XP level 5. HP: 16/36 MP: 5/5
  1955 | D:3      | Reached XP level 6. HP: 7/43 MP: 6/6
  2074 | D:3      | Found a shadowy altar of Dithmenos.
  2298 | D:4      | Found a sparkling altar of Nemelex Xobeh.
  2340 | D:4      | Found a glowing drain.
  2362 | Sewer    | Entered a sewer
  2447 | Sewer    | Found a white marble altar of Elyvilon.
  3025 | D:4      | Found an opulent altar of Gozag.
  3040 | D:4      | Reached XP level 7. HP: 39/47 MP: 7/7
  3417 | D:5      | Entered Level 5 of the Dungeon
  3460 | D:5      | Found a staircase to the Ecumenical Temple.
  3469 | Temple   | Entered the Ecumenical Temple
  3697 | D:5      | Reached skill level 5 in Long Blades
  3705 | D:5      | Reached skill level 5 in Stealth
  3817 | D:5      | Killed from afar by a white imp

Illustrated notes

Levels and vault maps discovered:
D:1:      saegor_arrival_simple_a, layout_basic, grunt_decor_mini_mirrors,
          doesnt_xom_only_xom
D:2:      layout_loops_ring, lightli_temple_of_fire
D:3:      layout_basic, nicolae_dithmenos_through_a_glass_darkly,
          minmay_misc_feat_cross
D:4:      layout_layer_cave, nicolae_overflow_hidden_temple,
          nicolae_gozag_seed_capital, portal_sewer_entry_f
D:5:      layout_loops_cross, minmay_temple_entry_glass
Temple:   nicolae_temple_figure_eight

Skill      XL: |  1  2  3  4  5  6  7 |
---------------+----------------------+-----
Stealth        | 1 3 4 5 |  5.2
Long Blades    | 3 4 5 |  5.6
Shields        | 4 |  4.6
Dodging        | 4 |  4.2
Fighting       | 4 |  4.2

Action                   |  1- 3 |  4- 6 |  7- 9 || total
-------------------------+-------+-------+-------++-------
Melee: Long sword        |    58 |    91 |    29 ||   178
       Constrict         |    20 |    29 |     2 ||    51
       Tentacles         |     9 |    18 |     7 ||    34
  Use: Scroll            |     8 |     6 |       ||    14
       Potion            |       |     2 |     1 ||     3
 Stab: Sleeping          |     5 |     7 |     4 ||    16
       Distracted        |       |     1 |       ||     1
Armor: Skin              |     1 |     2 |       ||     3
Dodge: Dodged            |    16 |    32 |    13 ||    61
Block: Kite shield       |    24 |    42 |    13 ||    79
       Rpst.: Long sword |     8 |     9 |     5 ||    22

Table legend: (Time is in decaauts)
 A = Elapsed time spent in this place.
 B = Non-inter-level travel time spent in this place.
 C = Inter-level travel time spent in this place.
 D = Time resting spent in this place.
 E = Time spent auto-exploring this place.
 F = Levels seen in this place.
 G = Mean time per level.
                   A        B        C        D        E       F      G
               +--------+--------+--------+--------+--------+-----+--------+
         Total |   3870 |   3870 |      0 |    304 |    185 |   7 |  552.9 |
       Dungeon |   3581 |   3581 |      0 |    304 |    185 |   5 |  716.2 |
        Temple |    134 |    134 |      0 |      0 |      0 |   1 |  134.0 |
         Sewer |    153 |    153 |      0 |      0 |      0 |   1 |  153.0 |
               +--------+--------+--------+--------+--------+-----+--------+

Top non-repeatable levels by time:
     D:4: 1024 daAuts
     D:3: 857 daAuts
     D:2: 758 daAuts
     D:1: 671 daAuts
     D:5: 269 daAuts
   Sewer: 153 daAuts
  Temple: 134 daAuts
